← All builds
Tech / Armada / Economy first / OBSERVED BUILD

Standard tech

Armada Tech (Eco) build order · Supreme Isthmus

Rushes T2 by 4:15, gets Advanced Metal Extractor around 5:28, hands off T2 constructors to Geo and the team, then scales eco and supplies the team's T2 needs through the rest of the game.

Usually first T2 con to Geo (83%)

#eco #t2 #team support · 1579 distinct matches · 255 players · 58% of Armada Tech games · team won 53% of 1874 · Recently observed

HOW TO PLAY IT

Key timing: T2 factory by 4:15

  1. Open 3 mex and heavy wind to fund a fast T2 rush.
  2. Put down Bot Lab, planning to eat it for reclaim soon after.
  3. Get Advanced Bot Lab up, hitting the T2 factory rush timing.
  4. Upgrade mex to Advanced Metal Extractor to lock in team metal income.
  5. Eat Advanced Bot Lab and keep sending cons to Geo and Pond.

Phase by phase

TYPICAL OF ITS 1579 GAMES
  1. 1
  2. 2
  3. 3
  4. 4
PLAY THE OPENING

Follow the example game's first 6:00 step by step: what to build now, what comes next, and where it goes. At 1× it keeps pace with your own game.

  1. 1

    Up to the Bot Lab

    Economy
    • Metal Extractor3Mex
    • Wind Turbine4Wind
    Order
    1. Bot LabBot Lab after 3 mex, 4 winddone ~1:18, middle half 1:13–1:32

    Some games also: energy storage (31%)

    By 1:01 in all: 3 mex · 4 wind

    The example game in this phase · 6 steps
    1. Mex ×2
    2. Wind
    3. Mex
    4. Wind ×4
    5. Energy storage
    6. Bot LabBot Labdone 1:37 · typical 1:18
  2. 2

    Bot Lab to Advanced Bot Lab

    Economy
    • Metal Extractor1Mex
    • Wind Turbine8Wind
    • Energy Storage1Energy storage
    Order
    1. Advanced Bot LabAdvanced Bot Lab after 4 mex, 12 wind, 3 con turretdone ~4:16, middle half 4:04–4:30
    Builders
    • Construction Turret3 Con turret
    • Lazarus3 Lazarus
    • Construction Bot2 Con bot
    • Construction Bot1 Con bot for allies

    Some games also: converter (36%)

    By 3:18 in all: 4 mex · 12 wind · 1 energy storage · 3 con turret

    The example game in this phase · 10 steps
    1. Wind
    2. LazarusLazarus
    3. Construction BotCon bot ×2
    4. Wind
    5. Con turret
    6. LazarusLazarus
    7. Mex
    8. Con turret ×2
    9. Wind ×2
    10. Advanced Bot LabAdvanced Bot Labdone 3:52 · typical 4:16
  3. 3

    Advanced Bot Lab to 5:00

    Economy
    • Wind Turbine3Wind
    Order
    1. Bot LabEat Bot Lab
    Builders
    • Advanced Construction Bot1 T2 con bot for allies

    Some games also: converter (35%)

    By 5:00 in all: 4 mex · 15 wind · 1 converter · 1 energy storage · 3 con turret

    The example game in this phase · 10 steps
    1. Wind ×2
    2. Bot LabEat Bot Labreclaimed for its metal
    3. Wind
    4. Converter
    5. Wind ×2
    6. Converter
    7. Advanced Construction BotT2 con botfor Geo
    8. Advanced Metal ExtractorT2 mexdone 5:08 · typical 5:29
    9. GunslingerGunslingerfor Ponddone 4:43
    10. Advanced Construction BotT2 con botfor Air
  4. 4

    5:00 to 10:00

    Economy
    • Wind Turbine43Wind
    • Energy Converter6Converter
    Builders
    • Butler9 Butler
    • Advanced Construction Bot4 T2 con bot for allies
    • Advanced Construction Bot1 T2 con bot

    Some games also: con turret (43%) · Butler for allies (36%)

    By 10:00 in all: 4 mex · 58 wind · 8 converter · 1 energy storage · 3 con turret

    The example game in this phase · 217 steps
    1. Advanced Metal ExtractorT2 mex ×2
    2. Advanced Construction BotT2 con botfor Beach sea
    3. Wind ×6
    4. ButlerButler
    5. Advanced Construction BotT2 con botfor Pond
    6. Wind
    7. Advanced Metal ExtractorT2 mex
    8. Wind
    9. Advanced Construction BotT2 con botfor unknown
    10. Wind
    11. ButlerButler ×2
    12. Wind
    13. ButlerButler ×4
    14. Wind
    15. ButlerButler ×2
    16. Converter
    17. Wind
    18. ButlerButler
    19. Wind
    20. Converter
    21. Wind
    22. Advanced Construction BotT2 con bot
    23. Wind ×3
    24. Converter
    25. Wind ×5
    26. Con turret
    27. Wind
    28. Converter
    29. Wind ×3
    30. UmbrellaAnti-nukedone 9:05
    31. Wind ×2
    32. Converter
    33. Wind ×4
    34. Converter
    35. Wind ×3
    36. Converter
    37. Wind ×4
    38. Converter
    39. Wind ×4
    40. Converter
    41. ButlerButler
    42. Wind ×3
    43. Converter
    44. ButlerButler
    45. TracerTracer
    46. Wind ×3
    47. ButlerButler
    48. Converter
    49. Wind ×3
    50. ButlerButler
    51. Wind ×3
    52. Converter
    53. Wind
    54. ButlerButler
    55. Wind ×4
    56. Converter
    57. Wind ×4
    58. ButlerButler
    59. Wind
    60. Converter
    61. Wind ×10
    62. Converter
    63. Wind ×5
    64. Con turret
    65. Converter ×2
    66. Fusion ReactorFusiondone 11:32
    67. Converter
    68. Con turret
    69. Converter ×2
    70. Wind ×2
    71. Advanced Bot LabEat Advanced Bot Labreclaimed for its metal
    72. Wind ×4
    73. Converter ×2
    74. Con turret
    75. Wind ×5
    76. Con turret
    77. Wind ×2
    78. Converter
    79. Wind ×2
    80. Converter
    81. Wind ×5
    82. Converter
    83. Con turret
    84. Wind
    85. Converter
    86. Wind ×5
    87. Con turret
    88. Wind ×2
    89. Converter
    90. Wind ×2
    91. Converter
    92. Wind
    93. Con turret
    94. Wind ×4
    95. Converter ×2
    96. Wind ×3
    97. T2 converter
    98. Con turret
    99. Wind ×3
    100. Converter ×2
    101. Wind ×5
    102. Con turret
    103. Wind ×2
    104. Converter
    105. Wind ×3
    106. Converter
    107. Wind ×5
    108. Converter
    109. Wind ×2
    110. Converter
    111. Wind ×3
    112. Fusion ReactorFusion
    113. Wind ×5
    114. Converter ×2
    115. Wind ×5
    116. Converter
    117. Wind
    118. Converter
    119. Wind ×4
    120. Converter
    121. Wind
    122. Converter
    123. Wind ×4
    124. Converter ×2
    125. Wind ×4
    126. Converter
    127. Wind ×3
    128. Converter
    129. T2 converter
    130. Wind ×4
    131. Converter
    132. Wind ×3
    133. Converter ×2
    134. Wind ×3
    135. Converter
    136. Wind ×5
    137. Converter
    138. Wind ×2
    139. Converter
    140. Con turret
    141. Wind
    142. T2 converter
    143. Wind ×2
    144. Con turret
    145. Wind ×3
    146. Converter
    147. Wind
    148. Converter ×2
    149. Wind
    150. Con turret
    151. Wind ×5
    152. Converter
    153. Con turret
    154. Wind ×2
    155. Converter
    156. Wind ×3
    157. Converter
    158. Con turret
    159. T2 converter
    160. Wind ×2
    161. Advanced Bot LabAdvanced Bot Labdone 13:55
    162. Wind ×3
    163. Converter ×2
    164. Wind ×4
    165. Converter
    166. Wind ×3
    167. Converter
    168. Wind
    169. Converter
    170. Wind ×3
    171. PlatypusPlatypus
    172. Wind ×2
    173. Converter
    174. Wind
    175. PlatypusPlatypus
    176. Converter
    177. Wind
    178. PlatypusPlatypus
    179. Wind ×2
    180. Converter
    181. PlatypusPlatypus
    182. Converter
    183. Wind
    184. T2 converter
    185. Wind
    186. Converter
    187. PlatypusPlatypus
    188. Wind ×3
    189. Converter
    190. PlatypusPlatypus
    191. Converter ×2
    192. Wind ×2
    193. Converter
    194. Wind ×3
    195. PlatypusPlatypus
    196. Converter ×2
    197. T2 converter
    198. Converter
    199. Wind ×2
    200. PlatypusPlatypus
    201. Wind
    202. Converter
    203. Wind
    204. Converter
    205. Wind
    206. PlatypusPlatypus
    207. Wind ×3
    208. Converter
    209. PlatypusPlatypus
    210. Wind ×2
    211. Converter
    212. Wind
    213. PlatypusPlatypus
    214. Wind
    215. Converter
    216. PlatypusPlatypus
    217. Wind ×3

Counts are medians over the build's games: half of them build more, half fewer. The example game is bob7's (30 OS, 04/09/2026); pick another.

Team trades

IN AT LEAST 30% OF ITS GAMES

You hand over

  • Construction Bot1 Con bot to Airfirst at 2:23 · in 84% of games
  • Advanced Construction Bot5 T2 con bot to Air or Geo sea or Pondfirst at 4:50 · in 99% of games
  • Butler2 Butler to Geo sea or Beach sea or Pondfirst at 9:07 · in 42% of games

You get

  • Hercules1 Light transport from Airfirst at 4:01 · in 86% of games

How it plays out

Typical game of this build, running totals by minute

Metal produced

020k40k
0:005:0010:0015:00

metal

Enemy metal destroyed

050100
0:005:0010:0015:00

metal

Own metal lost

050100150
0:005:0010:0015:00

metal

1874 games.

Show as table
ByMetal produced: This buildEnemy metal destroyed: This buildOwn metal lost: This build
1:0038300
2:0091500
3:00165100
4:00314400
5:00484700
6:00580000
7:00722700
8:00906100
9:001117300
10:001350300
11:001624200
12:001965600
13:002344500
14:0027362073
15:003154285130
WHAT THE NUMBERS SAY

Standard Tech play barely fights at all early, instead pouring metal into T2 infrastructure and constructors for the team.

  • + Metal produced hits 31679 by 15:00, by far the highest of any role here.
  • + T2 factory reached in 97% of games by 4:15, fastest and most reliable T2 timing.
  • − Enemy metal destroyed stays at 0 through 10:00, no early offense at all.
  • − Own metal lost also near 0, showing total avoidance of combat risk.
THE EXAMPLE YOU ARE READING

bob7

30.5 OS · 04/09/2026

Open source match ↗

2 received units
4164 metal received · 48141 energy received

Allied construction assistance is unknown. Timings are observations, not a promise of solo reproducibility.

Typical milestones

Bot Lab1:18Middle 50%: 1:13–1:32 · n=1874
Advanced Bot Lab4:16Middle 50%: 4:04–4:30 · n=1867
Advanced Metal Extractor5:29Middle 50%: 5:05–5:59 · n=1870

Played most by

Amrissa93games of this buildTheGeneraI66games of this buildAdeus57games of this buildEl_Turco56games of this buildKOT_43games of this build